Unix NetHack Version 5.0.0-0 post-release - last build May 31 2026 23:59:36 (970b52f25bf058293b47ddfd14a1e40e571c508c,branch:main).

Game began 2026-05-20 20:06:24, ended 2026-06-02 04:04:41.

Gary, chaotic male human Samurai

                                   ---------
                                   |.......|
                                   |.......|                  -----
                                   |..._...|                  |...
                                   |...%...|                 --..---------
                                |  |...(...|  |             --...|.a@aa..|
                                |. ----|---- .|            --%...|.a..@Aa|
                                |.....%%......|     ...  ..aaHa.@-.aa@a..|
                                ---....%....---    ......  --....|.aa....|
                                  -----|-----      .....    --...|....@..|
                                    ..%....-       --)--     --..---------
                                   ......... -------.%.-      |...
                                   ......... |.......%...     -----
                                   ....%%.. --%.........
                                   -...%...--)%........
                                    ---|----(...)....
                                    ....%%........
                                    -----------
Gary the Shogun        St:25 Dx:18 Co:18 In:15 Wi:18 Ch:12  Chaotic S:2022664
Astral Plane $:75 HP:108(153) Pw:149(149) AC:-26 Xp:30/100116638 T:64818 

Latest messages:
 The fire ant attacks a spot beside you.
 What do you want to drop? [$a-zA-Z or ?*] C
 A wand of teleportation (0:0) lands on the altar.
 The fire ant misses!
 The fire ant misses!
 What do you want to use or apply? [abi-km-pr-uyBD-GILMQUY or ?*] b
 C - an uncursed +0 helm of opposite alignment.
 What do you want to take off? [cqAOX or ?*] A
 The fire ant misses!
 The fire ant misses!
 You hear a chugging sound.
 You hear a mumbled curse.
 The priest of Susanowo attacks a spot beside you.
 The priest of Susanowo casts a spell at thin air!
 The priestess of Moloch swings her mace.
 The priestess of Moloch misses!
 The priestess of Moloch kicks!
 The priestess of Moloch casts a spell at you!
 Scales cover your eyes!
 The killer bee misses!
 You finish taking off your helm.
 What do you want to wear? [AC or ?*] C
 The fire ant bites!
 The fire ant misses!
 Famine moves the frost giant out of the way!
 The killer bee misses!
 Death moves the soldier ant out of the way!
 The priestess of Moloch misses!
 The priestess of Moloch misses!
 The killer bee misses!
 You finish your dressing maneuver.
 Your mind oscillates briefly.
 The helm of opposite alignment vibrates for a moment.
 You are too impaired to perform the rite.
 What do you want to use or apply? [abi-km-pr-uyBD-GILMQUY or ?*] u
 You can see again.
 You feel less confused now.
 The fire ant turns to flee.
 The soldier ant turns to flee.
 The killer bee turns to flee.
 The priest of Susanowo turns to flee.
 The priest of Susanowo casts a spell!
 The priest of Susanowo summons insects around a spot near you!
 The priestess of Moloch turns to flee.
 What do you want to sacrifice? [d or ?*] d
 You offer the Amulet of Yendor to Susanowo...
 An invisible choir sings, and you are bathed in radiance...
 The voice of Susanowo booms out: "Mortal, thou hast done well!"
 "In return for thy service, I grant thee the gift of Immortality!"
 You ascend to the status of Demigod...

Inventory:
 Coins    ('$')
  $ - 75 gold pieces
 Amulets  ('"')
  S - a cursed amulet of life saving (being worn)
 Weapons  (')')
  a - the rustproof +5 Snickersnee (weapon in right hand)
 Armor    ('[')
  C - a cursed +0 helm of opposite alignment (being worn)
  A - an uncursed +5 orcish helm
  c - an uncursed rustproof +4 pair of gauntlets of power (being worn)
  X - an uncursed greased fireproof +4 pair of speed boots (being worn)
  q - a cursed +1 shield of reflection (being worn)
  O - a blessed fireproof +1 cloak of protection (being worn)
  z - an uncursed +5 Hawaiian shirt with a toucan motif (being worn)
  f - a cursed greased +4 gray dragon scale mail (being worn)
 Comestibles  ('%')
  W - a cursed C-ration
  T - a cursed lembas wafer
  m - 2 uncursed lumps of royal jelly
  l - a cursed lizard corpse
 Spellbooks  ('+')
  j - the cursed Book of the Dead
 Potions  ('!')
  h - an uncursed diluted potion of extra healing
 Rings    ('=')
  K - an uncursed ring of conflict
  P - an uncursed ring of levitation
  x - an uncursed ring of regeneration (on right hand)
  Z - an uncursed ring of searching
  e - a cursed ring of shock resistance
 Wands    ('/')
  G - a cursed wand of cancellation named DON'T PUT IN BAG!! (0:8)
  n - a cursed wand of cancellation named DON'T PUT IN BAG!! (0:6)
  L - a cursed wand of cancellation named DON'T PUT IN BAG!! (0:4)
  D - a wand of cold (0:3)
  F - a cursed wand of death (0:1)
  o - a wand of digging (0:6)
  p - a wand of digging (0:3)
  Q - a blessed wand of lightning (0:6)
  E - a cursed wand of lightning (0:5)
  i - a cursed wand of polymorph (0:1)
  U - a cursed wand of striking (0:1)
  I - a wand of teleportation (0:5)
  y - a wand of wishing (1:0)
 Tools    ('(')
  b - a blessed bag of holding containing 73 items
  M - an empty blessed bag of holding named from bones
  B - an uncursed blindfold
  r - the uncursed Candelabrum of Invocation (0 of 7 candles attached)
  Y - an uncursed oil lamp (lit)
  k - an uncursed skeleton key
  s - a cursed stethoscope
  u - a blessed +0 unicorn horn
 Gems/Stones  ('*')
  w - 2 uncursed fluorite stones
  J - 7 cursed garnet stones
  v - an uncursed jacinth stone
  N - 6 uncursed jasper stones
  H - an uncursed ruby
  V - a cursed sapphire
  g - 3 cursed turquoise stones
  R - an uncursed luckstone
  t - an uncursed touchstone

Contents of the bag of holding:
  25511 gold pieces
  an uncursed amulet of ESP
  an uncursed amulet of flying
  an uncursed amulet of guarding
  an uncursed amulet of life saving
  an uncursed amulet of magical breathing
  an uncursed amulet of reflection
  the blessed +4 Tsurugi of Muramasa
  3 uncursed C-rations
  a cursed gunyoki
  an uncursed K-ration
  an uncursed tripe ration
  5 uncursed lizard corpses
  7 blessed scrolls of blank paper
  3 uncursed scrolls of blank paper
  2 uncursed scrolls of charging
  an uncursed scroll of earth
  an uncursed scroll of genocide
  3 uncursed scrolls of magic mapping
  a cursed scroll of magic mapping
  2 uncursed scrolls of remove curse
  an uncursed scroll of scare monster
  an uncursed potion of extra healing
  2 cursed potions of extra healing
  an uncursed potion of gain energy
  2 blessed potions of healing
  an uncursed potion of healing
  a cursed potion of oil
  a blessed potion of paralysis
  an uncursed potion of paralysis
  an uncursed potion of restore ability
  3 potions of holy water
  4 potions of unholy water
  a cursed ring of slow digestion
  an uncursed ring of sustain ability
  a cursed ring of warning
  a cursed wand of cold (0:3)
  a wand of digging (0:7)
  a wand of digging (0:7)
  a wand of digging (0:3)
  a wand of fire (0:8)
  a cursed wand of opening (0:4)
  a wand of secret door detection (0:10)
  a wand of sleep (0:6)
  a wand of slow monster (0:3)
  a wand of teleportation (0:7)
  a wand of teleportation (0:0)
  a cursed wand of teleportation (0:1)
  a wand of undead turning (0:3)
  a wand of wishing (1:0)
  a horn of plenty (0:5)
  a can of grease (0:4)
  an expensive camera (0:91)
  a magic marker (0:91)
  a magic marker (0:74)
  a magic marker (0:32)
  a magic marker (0:0)
  a cursed magic marker (1:0)
  an uncursed magic whistle
  2 uncursed amber stones
  3 uncursed amethyst stones
  2 uncursed aquamarine stones
  5 uncursed chrysoberyl stones
  an uncursed diamond
  5 uncursed dilithium crystals
  an uncursed emerald
  2 uncursed garnet stones
  an uncursed jacinth stone
  an uncursed jade stone
  an uncursed jasper stone
  an uncursed opal
  2 uncursed rubies
  2 uncursed topaz stones

Gary the Samurai's attributes:

Background:
 You were a Shogun, a level 30 male human Samurai.
 You were chaotic, temporarily on a mission for Susanowo
 who was opposed by Amaterasu Omikami (lawful) and Raijin (neutral).
 You were actually lawful.
 You were right-handed.
 You were in the endgame, on the Astral Plane.
 You entered the dungeon 64818 turns ago.
 It was nighttime.
 There was a full moon in effect when your adventure ended.
 You had 100116638 experience points.
 Your score was 2022664 before end-of-game adjustments.

Basics:
 You had 108 out of 153 hit points.
 You had all 149 energy points (spell power).
 Your armor class was -26.
 Your wallet contained 75 zorkmids, and
 you had 25511 more stashed away in your pack.
 Autopickup was on for '$' plus thrown.

Final Characteristics:
 Your strength was 25 (base:18/09, peak:18/10, innate limit:18/100).
 Your dexterity was 18 (limit:18).
 Your constitution was 18 (limit:18).
 Your intelligence was 15 (limit:18).
 Your wisdom was 18 (limit:18).
 Your charisma was 12 (limit:18).

Final Status:
 You weren't hungry.
 You were unencumbered.
 You were wielding a long sword.
 You had expert skill with long sword.

Final Attributes:
 You were fervently aligned.
 You were magic-protected.
 You were fire resistant.
 You were cold resistant.
 You were sleep resistant.
 You were disintegration resistant.
 You were poison resistant.
 You saw invisible.
 You were telepathic.
 You were invisible to others.
 You were stealthy.
 You could teleport.
 You regenerated.
 You were protected.
 You were very fast.
 You had reflection.
 Your life would have been saved.
 You were extremely lucky.
 You had extra luck.
 Bad luck did not time out for you.
 Good luck did not time out for you.
 You survived.

Miscellaneous:
 You encountered 2 bones levels.
 Total elapsed playing time was 1 day, 17 hours, 26 minutes and 9 seconds.

Major events:
 Turn
    1: Gary the lawful male human Samurai entered the dungeon
 1234: attained the rank of Ronin (level 3)
 1601: entered the Gnomish Mines
 2316: reached Mine Town
 2382: attained the rank of Ninja (level 6)
 4313: was bestowed with Snickersnee by Amaterasu Omikami
 4627: entered Sokoban
 4854: completed 1st Sokoban level
 5120: completed 2nd Sokoban level
 5365: completed 3rd Sokoban level
 6114: completed 4th Sokoban level
 6476: acquired the Sokoban amulet of reflection
 6662: attained the rank of Joshu (level 10)
12554: entered Home 1, the Quest
24140: made his first wish - "blessed greased +2 gray dragon scale mail", got "a greased gray dragon scale mail"
25604: acquired the Mines' End luckstone
27219: killed Medusa
35789: attained the rank of Ryoshu (level 14)
36214: Lord Sato has granted access to proceed deeper into the quest
36221: entered Home 2, the Quest
36381: entered Home 3, the Quest
36897: entered Home 4, the Quest
40218: entered Gehennom
42433: wished for "blessed greased spellbook of identify", got "a greased light brown spellbook"
44355: attained the rank of Kokushu (level 18)
45568: performed his first genocide (class L)
46026: found Grimtooth carried by a monster
47667: attained the rank of Daimyo (level 22)
47739: attained the rank of Kuge (level 26)
48302: found Cleaver on the floor
48302: found the Heart of Ahriman on the floor
48780: killed Juiblex
49170: bribed Asmodeus with 198 zorkmids for safe passage
51354: entered Home 5, the Quest
51463: killed Ashikaga Takauji
51470: found the Tsurugi of Muramasa on the floor
51470: acquired the Bell of Opening
53317: killed Baalzebub
59224: killed Orcus
60110: destroyed Vlad the Impaler
60112: acquired the Candelabrum of Invocation
60248: killed Yeenoghu
61251: killed the Wizard of Yendor
61252: killed the Wizard of Yendor (2nd time)
61254: acquired the Book of the Dead
61480: performed the invocation
61560: attained the rank of Shogun (level 30)
61820: killed the high priestess of Moloch
61821: acquired The Amulet of Yendor
61821: wished for "3 blessed greased potions of full healing", got "3 greased potions of full healing"
61982: wished for "blessed greased ring of teleport control", got "a greased ring of teleport control"
62062: killed the Wizard of Yendor (3rd time)
62309: killed the Wizard of Yendor (5th time)
64197: entered the Elemental Planes
64197: entered Plane of Earth
64337: entered Plane of Air
64442: killed the Wizard of Yendor (10th time)
64561: entered Plane of Fire
64588: entered Plane of Water
64693: entered the Astral Plane
64731: killed Death
64745: killed Death (2nd time)
64758: killed Death (3rd time)
64784: killed Famine
64818: ascended

Spells:
 Name                 Level Category     Fail Retention
 light                  1   divination   100%    (gone)
 identify               3   divination   100%  91%-100%
 magic missile          2   attack       100%    1%-25%
 invisibility           4   escape       100%    1%-25%
 cure blindness         2   healing      100%    1%-25%
 detect food            2   divination   100%   11%-20%

Skills:
 Fighting Skills
   martial arts      [Basic]
   two weapon combat [Unskilled]
   riding            [Unskilled]
 Weapon Skills
   dagger            [Unskilled]
   knife             [Unskilled]
   short sword       [Basic]
   broadsword        [Unskilled]
   long sword        [Expert]
   two-handed sword  [Unskilled]
   saber             [Unskilled]
   flail             [Unskilled]
   quarterstaff      [Unskilled]
   polearms          [Unskilled]
   spear             [Unskilled]
   lance             [Unskilled]
   bow               [Basic]
   shuriken          [Unskilled]
 Spellcasting Skills
   attack spells     [Unskilled]
   divination spells [Basic]
   clerical spells   [Unskilled]

Voluntary challenges:
 Character rerolling was not enabled.
 You genocided 4 types of monsters.
 You used 4 wishes.
 You did not wish for any artifacts.
 You did not violate any of the special Sokoban rules.
Achievements:
 You attained the rank of Ronin.
 You entered the Gnomish Mines.
 You entered Minetown.
 You entered a shop.
 You entered a temple.
 You attained the rank of Ninja.
 You entered Sokoban.
 You completed Sokoban.
 You attained the rank of Joshu.
 You completed the Gnomish Mines.
 You defeated Medusa.
 You attained the rank of Ryoshu.
 You learned the tune to open and close the Castle's drawbridge.
 You entered Gehennom.
 You attained the rank of Kokushu.
 You attained the rank of Daimyo.
 You attained the rank of Kuge.
 You handled the Bell of Opening.
 You had the Candelabrum of Invocation.
 You had the Book of the Dead.
 You gained access to Moloch's Sanctum.
 You attained the rank of Shogun.
 You reached the Elemental Planes.
 You reached the Astral Plane.
 You delivered the Amulet of Yendor.
 You ascended!

 The Elemental Planes:
    Astral Plane: <- You are here.
       Some temples and some altars.
    Plane of Water:
    Plane of Fire:
    Plane of Air:
    Plane of Earth:
 The Dungeons of Doom: levels 1 to 28
    Level 1:
       One way stairs up to The Elemental Planes.
    Level 2:
    Level 3:
       A fountain, a grave.
       Stairs down to The Gnomish Mines.
    Level 4:
       A fountain, a sink.
    Level 5:
       Many fountains.
       Oracle of Delphi.
    Level 6:
       Some shops.
       Stairs up to Sokoban, level 5.
    Level 7:
    Level 8: "stash"
    Level 9:
       Some fountains.
    Level 10:
       A throne.
    Level 11:
       A fountain.
       Portal to The Quest.
    Level 12:
    Level 13:
    Level 14:
    Level 15:
       A fountain, a sink.
    Level 16:
       A primitive area.
    Level 17: "stash"
       A throne.
    Level 18:
       Some fountains, a grave, many trees.
    Level 19:
    Level 20:
       A grave.
    Level 21:
    Level 22: "wizard"
       A fountain.
    Level 23:
    Level 24:
       A fountain, many graves.
    Level 25:
       A fountain, a sink, a grave.
    Level 26: "Medusa"
    Level 27:
    Level 28:
       A throne, a fountain.
       The castle (play notes "AGFDC" to open or close drawbridge).
       Connection to Gehennom.
 Gehennom: levels 29 to 52
    Level 29:
       A temple and an altar, many graves.
       Valley of the Dead.
       Final resting place for
          pakka-Val-Dwa-Fem-Law, killed by a xorn, while praying.
    Level 30: "bones w/BoH"
       A grave.
       Final resting place for
          Barrb-Bar-Hum-Fem-Neu, killed by a hallucinogen-distorted minotaur.
    Level 31:
    Level 32:
    Level 33:
    Level 34:
       A fountain.
    Level 35:
    Level 36: "yeenoghu"
    Level 37:
       Stairs up to Vlad's Tower, level 36.
    Level 38: "tele restrict"
       Some shops, an altar.
    Level 39:
    Level 40:
    Level 41:
    Level 42: "wiz tower top"
    Level 43: "wiz tower mid"
    Level 44: "wiz tower bot"
    Level 45:
    Level 46:
    Level 47:
    Level 48: "tower"
    Level 49: "tower"
    Level 50:
    Level 51:
    Level 52:
       A temple and an altar, many graves.
       Moloch's Sanctum.
 The Gnomish Mines: levels 4 to 11
    Level 4:
    Level 5:
    Level 6:
    Level 7: "stash"
       Many shops, a temple and an altar, some fountains.
    Level 8:
    Level 9:
    Level 10:
    Level 11:
       A fountain.
 The Quest: levels 1 to 5
    Level 1:
       Completed quest for Lord Sato.
    Level 2:
    Level 3:
    Level 4:
    Level 5:
 Sokoban: levels 5 up to 2
    Level 2:
       Solved.
    Level 3:
       Solved.
    Level 4: "food"
       Solved.
    Level 5:
       Solved.
 Vlad's Tower: levels 36 up to 34
    Level 34:
       A throne.
    Level 35:
    Level 36:


Vanquished creatures:
    Baalzebub
    Orcus
    Yeenoghu
    Juiblex
the Wizard of Yendor (14 times)
    Death (thrice)
    Famine
    Vlad the Impaler
  a high cleric
  3 mastodons
    Medusa
  3 erinyes
  6 krakens
 10 iron golems
  2 master liches
  9 storm giants
  2 glass golems
 11 balrogs
 16 purple worms
  a gray dragon
  3 gold dragons
  3 silver dragons
 10 red dragons
  3 white dragons
  7 orange dragons
  3 black dragons
  3 blue dragons
  3 green dragons
  8 yellow dragons
 35 minotaurs
  9 jabberwocks
    Ashikaga Takauji
 11 baluchitheria
  8 Angels
  a demilich
  9 stone golems
  2 master mind flayers
 10 Olog-hai
 12 pit fiends
  3 sandestins
 13 hell hounds
 12 displacer beasts
 10 titanotheres
  7 trappers
  5 baby red dragons
  5 guardian nagas
  9 genetic engineers
  6 disenchanters
 34 vampire leaders
  9 skeletons
 11 aligned clerics
  9 captains
  6 shades
  5 liches
  5 clay golems
  8 nurses
 11 ice devils
  9 nalfeshnees
  4 lurkers above
  4 Aleaxes
  a frost giant
 11 ettins
  4 black puddings
 35 vampires
 12 lieutenants
 38 ghosts
  9 samurai
  a queen bee
  6 winged gargoyles
  4 mind flayers
 12 giant mimics
  6 long worms
  9 zruties
  6 fire giants
 13 ogre tyrants
  7 ice trolls
  9 rock trolls
 17 umber hulks
  6 flesh golems
  7 elven monarchs
  4 doppelgangers
 18 hezrous
 16 bone devils
  a large mimic
  4 wumpuses
  6 fire vortices
  3 couatls
 66 stalkers
 15 air elementals
 17 fire elementals
 15 earth elementals
 11 water elementals
  3 hill giants
  3 giant mummies
  a black naga
 20 xorns
 20 giant zombies
 11 elf-nobles
 17 sergeants
  2 water demons
 15 barbed devils
 19 vrocks
  8 salamanders
 21 wargs
  5 winter wolves
 16 hell hound pups
 13 small mimics
  8 warhorses
 15 steam vortices
 16 xans
  8 ettin mummies
  8 ogre leaders
 11 quantum mechanics
 18 trolls
  a sasquatch
  5 wood golems
  9 mariliths
  3 sharks
  9 electric eels
 13 gelatinous cubes
  6 pyrolisks
  6 large dogs
  3 freezing spheres
 16 flaming spheres
  7 shocking spheres
  3 large cats
  5 tigers
  5 gargoyles
  2 dwarf rulers
  5 tengu
 15 ochre jellies
 13 leocrottas
  9 energy vortices
  a mountain centaur
  2 stone giants
  2 elf mummies
 12 human mummies
 10 red nagas
  a green slime
  4 pythons
  6 pit vipers
 10 cobras
 55 wraiths
  5 carnivorous apes
 25 ettin zombies
  5 leather golems
 22 Grey-elves
 39 soldiers
  4 watchmen
 14 amorous demons
 23 horned devils
  6 chameleons
  7 crocodiles
 45 giant beetles
  7 quivering blobs
 22 cockatrices
101 wolves
 11 winter wolf cubs
  5 lynxes
  9 panthers
 70 gremlins
  7 spotted jellies
 95 leprechauns
  8 orc-captains
  8 iron piercers
  a mumak
  6 giant spiders
  6 scorpions
 16 horses
  2 ice vortices
 14 black lights
  7 vampire bats
  2 forest centaurs
  8 gnome rulers
  7 orc mummies
  3 dwarf mummies
  9 ogres
 15 brown puddings
 13 rust monsters
  8 owlbears
 10 yetis
  2 gold golems
  2 werewolves
 13 Green-elves
  3 piranha
 10 giant eels
 16 lizards
 22 ninja
  4 chickatrices
  6 dingoes
  4 dogs
  3 housecats
  8 jaguars
  4 dwarf leaders
  6 blue jellies
  a gray unicorn
  4 black unicorns
  9 dust vortices
  8 ravens
  9 plains centaurs
  5 gnome mummies
  5 snakes
 11 apes
 15 human zombies
  7 rope golems
 19 Woodland-elves
 53 soldier ants
 40 fire ants
 15 bugbears
  4 imps
  7 lemures
  7 quasits
  7 wood nymphs
  7 water nymphs
  7 mountain nymphs
 24 Mordor orcs
 22 Uruk-hai
  5 orc shamans
  7 rock piercers
  7 rock moles
  9 ponies
 22 fog clouds
 12 yellow lights
  3 shriekers
  9 violet fungi
 15 gnome leaders
 10 gnomish wizards
  6 kobold mummies
 10 gray oozes
  7 barrow wights
 24 elf zombies
 20 ghouls
  4 straw golems
  4 paper golems
  5 jellyfish
 72 giant ants
  3 little dogs
 14 floating eyes
  2 kittens
 12 dwarves
 10 homunculi
  2 kobold leaders
  6 kobold shamans
 31 hill orcs
 20 rothes
  2 rabid rats
  3 centipedes
  7 giant bats
  6 monkeys
 18 orc zombies
 20 dwarf zombies
  4 wererats
  2 werejackals
 11 iguanas
 63 killer bees
  7 acid blobs
  a coyote
  5 gas spores
  3 hobbits
 11 manes
  7 large kobolds
 11 hobgoblins
  5 giant rats
  6 cave spiders
  2 brown molds
  5 yellow molds
  3 green molds
  4 red molds
 56 gnomes
 14 garter snakes
 17 gnome zombies
  9 geckos
 14 jackals
  8 foxes
  4 kobolds
  7 goblins
  3 sewer rats
 14 grid bugs
 10 bats
 10 lichens
  8 kobold zombies
  9 newts
3093 creatures vanquished.

Genocided or extinct species:
 arch-liches
 erinyes (extinct)
 master liches
 demiliches
 liches
 giant beetles (extinct)
 wolves (extinct)
 soldier ants (extinct)
 giant ants (extinct)
 killer bees (extinct)
4 species genocided.
6 species extinct.

Sayonara Gary the Demigod...

You went to your reward with 2154264 points,
Snickersnee (worth 1200 zorkmids and 3000 points)
The Tsurugi of Muramasa (worth 4500 zorkmids and 11250 points)
The Book of the Dead (worth 10000 zorkmids and 25000 points)
The Candelabrum of Invocation (worth 5000 zorkmids and 12500 points)
       9 garnet stones (worth 6300 zorkmids),
       7 jasper stones (worth 3500 zorkmids),
       5 dilithium crystals (worth 22500 zorkmids),
       5 chrysoberyl stones (worth 3500 zorkmids),
       3 rubies (worth 10500 zorkmids),
       3 turquoise stones (worth 6000 zorkmids),
       3 amethyst stones (worth 1800 zorkmids),
       2 jacinth stones (worth 6500 zorkmids),
       2 aquamarine stones (worth 3000 zorkmids),
       2 amber stones (worth 2000 zorkmids),
       2 topaz stones (worth 1800 zorkmids),
       2 fluorite stones (worth 800 zorkmids),
       1 diamond (worth 4000 zorkmids),
       1 sapphire (worth 3000 zorkmids),
       1 emerald (worth 2500 zorkmids),
       1 opal (worth 800 zorkmids),
       1 jade stone (worth 300 zorkmids),
       2 amulets of life saving (worth 300 zorkmids),
       1 amulet of ESP (worth 150 zorkmids),
       1 amulet of reflection (worth 150 zorkmids),
       1 amulet of magical breathing (worth 150 zorkmids),
       1 amulet of guarding (worth 150 zorkmids),
       1 amulet of flying (worth 150 zorkmids),
and 25586 pieces of gold, after 64818 moves.
You were level 30 with a maximum of 153 hit points when you ascended.

